 Dungeon Crawl Stone Soup version 0.31.0-11-ge490571c62 (webtiles) character file.

Game seed: 15817799610343886548

459 hawla the Trooper (level 6, -7/55 HPs)
             Began as a Draconian Conjurer on Jan 28, 2024.
             Mangled by an iguana (9 damage)
             ... on level 6 of the Dungeon.
             The game lasted 00:08:48 (3369 turns).

hawla the Trooper (Draconian Conjurer)              Turns: 3369, Time: 00:08:48

Health: -7/55      AC:  9    Str:  9 (10) XL:     6   Next: 78%
Magic:  1/12       EV: 11    Int: 19 (20) God:
Gold:   252        SH:  0    Dex:  8 (9)  Spells: 6/13 levels left

rFire   . . .        b - +0 dagger
rCold   . . .        (no shield)
rNeg    . . .        (body armour unavailable)
rPois   .            (helmet restricted)
rElec   .            (no cloak)
rCorr   .            (no gloves)
SInv    .            f - +2 pair of boots
Will    .....        (no amulet)
Stlth   +            (no ring)
HPRegen 0.29/turn    (no ring)
MPRegen 0.13/turn

%: no passive effects
@: mighty, brilliant, hasted, very quick
A: AC +6, unfitting armour, cold-blooded
a: no special abilities


You were on level 6 of the Dungeon.
You visited 1 branch of the dungeon, and saw 5 of its levels.

You collected 252 gold pieces.

Inventory:

Hand Weapons
 b - a +0 dagger (weapon)
Armour
 f - a +2 pair of boots (worn)
Jewellery
 h - a ring of wizardry
 j - a +6 ring of strength
 l - a +5 ring of evasion
Wands
 k - a wand of charming (7) (quivered)
Potions
 a - a potion of magic
 c - a potion of degeneration
 e - a potion of brilliance
 m - 2 potions of lignification {unknown}
 n - 2 potions of curing {unknown}
 o - a potion of heal wounds {unknown}
 p - 2 potions of berserk rage {unknown}


   Skills:
 - Level 4.8 Fighting
 - Level 1.7 Dodging
 - Level 1.7 Stealth
 - Level 4.0 Spellcasting
 - Level 4.0 Conjurations
 + Level 3.6 Translocations


You had 6 spell levels left.
You knew the following spells:

 Your Spells              Type           Power      Damage    Failure   Level
a - Magic Dart            Conj           100%       1d8       2%          1
b - Searing Ray           Conj           56%        2d6       4%          2
c - Iskenderun's Mystic   Conj/Tloc      27%        2d7       28%         4

Your spell library contained the following spells:

 Spells                   Type           Power      Damage    Failure   Level
 Blink                    Tloc           52%        N/A       4%          2
 Lesser Beckoning         Tloc           52%        N/A       4%          2
 Momentum Strike          Conj/Tloc      54%        3d9       4%          2
 Foxfire                  Conj/Fire      68%        2x1d7     6%          1
 Fulminant Prism          Conj/Alch      8%         3d7       52%         4
 Plasma Beam              Fire/Air       2%         2x1d12    100%        6
 Starburst                Conj/Fire      8%         6d4       100%        6


Dungeon Overview and Level Annotations

Branches:
Dungeon (4/15)
 Temple: D:4-7

Altars:
Elyvilon
Sif Muna
Zin

Shops:
D:3 :


Innate Abilities, Weirdness & Mutations

Your plain brown scales are hard. (AC +6)
You cannot fit into any form of body armour.
You are cold-blooded and may be slowed by cold attacks.


Message History

The iguana is almost dead.
The iguana bites you.
* * * LOW HITPOINT WARNING * * *
You are too injured to fight recklessly!
You hit the iguana but do no damage.
Your tail-slap misses the iguana.
The iguana is almost dead.
The iguana barely misses you.
Casting: Magic Dart (safe; 2% risk of failure)
Confirm with . or Enter, or press ? or * to list all spells.
Aiming: Magic Dart (safe; 2% risk of failure)
Press: ? - help, Shift-Dir - straight line, f/p - iguana
Aim: an iguana (severely wounded, 100% to hit)
The magic dart hits the iguana but does no damage.
The iguana is severely wounded.
The iguana barely misses you.
You barely miss the iguana.
The iguana is severely wounded.
The iguana barely misses you.
You hit the iguana.
The iguana is almost dead.
The iguana bites you but does no damage.
You hit the iguana but do no damage.
The iguana is almost dead.
The iguana completely misses you.
It was a potion of degeneration.
There was something very wrong with that liquid.
You feel weakened.
You feel dopey.
You feel clumsy.
The iguana bites you but does no damage.
It was a potion of haste.
You feel yourself speed up. The iguana bites you.
* * * LOW HITPOINT WARNING * * *
Okay, then.
The iguana attacks as it pursues you! The iguana bites you.
* * * LOW HITPOINT WARNING * * *
Found a scroll labelled SOIPLERHAOR.
It was a potion of brilliance.
You feel clever all of a sudden.
It was a potion of might.
You feel very mighty all of a sudden. The iguana bites you!
You die...

.....##.##.### #.
.............#########.
..#####.#..............
? #.##.#.#######... #.#
##.##.#....####.## ....
#..##<####...#..##
#...##.###.#####.......
#..............#......
#....@l..........#....
###.#...........#.....
#............†.~....
####.........###.##.
#..##.?..##....# .
.........#....####
###.###....#... #.
.....###### ...##...#


You could see an iguana.

Vanquished Creatures
  A sky beast (D:6)
  An ogre (D:6)
  A bombardier beetle (D:4)
  A gnoll bouda (D:4)
  A jelly (D:6)
  An iguana (D:6)
  4 adders
  4 gnolls (D:4)
  A dart slug (D:1)
  8 endoplasms
  4 giant cockroaches
  8 goblins
  8 hobgoblins
  11 jackals
  4 quokkas
  6 ball pythons
  6 bats
  8 kobolds
  5 rats
83 creatures vanquished.

Notes
Turn   | Place    | Note
-------+----------+-------------------------------------------
     0 | D:1      | hawla the Draconian Conjurer began the quest for the Orb.
     0 | D:1      | Reached XP level 1. HP: 14/14 MP: 3/3
   159 | D:1      | Reached XP level 2. HP: 14/20 MP: 0/5
   660 | D:1      | Reached XP level 3. HP: 25/26 MP: 7/7
   694 | D:1      | Learned a level 2 spell: Searing Ray
   943 | D:1      | Found a faded altar of an unknown god.
  1437 | D:2      | Reached XP level 4. HP: 34/34 MP: 5/10
  1728 | D:2      | Reached skill level 1 in Fighting
  2361 | D:3      | Found Ceshev's Book Emporium.
  2439 | D:3      | Found a shimmering blue altar of Sif Muna.
  2480 | D:3      | Found a glowing silver altar of Zin.
  2641 | D:3      | Found a white marble altar of Elyvilon.
  3052 | D:4      | Reached XP level 5. HP: 45/45 MP: 3/11
  3175 | D:4      | You fall into a shaft and drop 2 floors!
  3214 | D:6      | Learned a level 4 spell: Iskenderun's Mystic Blast
  3222 | D:6      | Noticed an ogre
  3230 | D:6      | Killed an ogre
  3231 | D:6      | Reached XP level 6. HP: 39/55 MP: 3/12
  3316 | D:6      | Noticed a sky beast
  3334 | D:6      | Killed a sky beast
  3366 | D:6      | HP: 2/55 [iguana (5)]
  3369 | D:6      | Mangled by an iguana

Illustrated notes

Levels and vault maps discovered:
D:1:      ncdulo_lavacross, layout_basic, hellmonk_ecumenical_altar_lost_god,
          minmay_heptomino_w4
D:2:      layout_basic, grunt_ministairs_15
D:3:      layout_rooms, mainiacjoe_overflow_24_doors, lemuel_blue_sif_altar,
          zin_treasury, serial_shops, nicolae_shop_statue_plus,
          nicolae_hexahallways, minmay_fractal_squares_diagonal_5
D:4:      layout_loops_ring, grunt_temple_overflow_open, serial_bayou_pond_b
D:6:      layout_rooms, portal_sewer_entry_e

Skill      XL: |  1  2  3  4  5  6 |
---------------+-------------------+-----
Spellcasting   | 3 4 |  4.0
Fighting       | 3 4 |  4.8
Translocations | 2 3 |  3.6
Dodging        | |  1.7
Stealth        | |  1.7
Conjurations   | |  4.0

Action                     |  1- 3 |  4- 6 || total
---------------------------+-------+-------++-------
  Melee: Dagger            |   168 |   122 ||   290
         Unarmed           |    11 |       ||    11
         Tailslap          |    16 |    14 ||    30
         Punch             |     1 |     3 ||     4
   Cast: Magic Dart        |    36 |    16 ||    52
         Searing Ray       |     5 |    14 ||    19
         Iskenderun's Myst |       |     1 ||     1
    Use: Scroll            |     6 |     2 ||     8
         Potion            |       |     4 ||     4
   Stab: Sleeping          |     1 |     2 ||     3
 Armour: Skin              |   134 |    99 ||   233
  Dodge: Dodged            |   169 |    96 ||   265
